 Dungeon Crawl Stone Soup version 0.20.1-1-g8b1a95d (webtiles) character file.

1436 cochise the Basher (level 8, 0/96 HPs)
             Began as a Minotaur Fighter on Sept 15, 2017.
             Slain by ThereIsNoGod's ghost (8 damage)
             ... on level 6 of the Dungeon.
             The game lasted 00:25:09 (3800 turns).

cochise the Basher (Minotaur Fighter)               Turns: 3800, Time: 00:25:10

Health: 0/96       AC: 31    Str: 23    XL:     8   Next: 45%
Magic:  7/7        EV:  2    Int:  5    God:
Gold:   251        SH: 14    Dex: 10    Spells: 7/7 levels left

rFire    . . .     SeeInvis .   G - +5 flail (protect)
rCold    . . .     Gourm    .   y - +0 large shield
rNeg     + + +     Faith    +   (armour currently unavailable)
rPois    +         Spirit   .   (helmet currently unavailable)
rElec    .         Reflect  .   (cloak currently unavailable)
rCorr    .         Harm     .   (gloves currently unavailable)
MR       .....     NoTele   +   (boots currently unavailable)
Stlth    +.........             l - amulet of faith
Regen    0.3/turn               e - ring of flight
MPRegen  0.1/turn               (no ring)

@: tree-form, protection aura
A: (retaliatory headbutt)
a: no special abilities


You were on level 6 of the Dungeon.
You were not hungry.
You were a tree.
You visited 1 branch of the dungeon, and saw 6 of its levels.

You collected 251 gold pieces.

Inventory:

Hand Weapons
 a - a +1 flail
 m - a +5 spear
 G - a +5 flail of protection (weapon)
Missiles
 j - 26 poisoned needles (quivered)
Armour
 c - a +0 shield
 o - a +0 pair of gloves (melded)
 y - a +0 large shield (worn)
 H - a +0 scale mail (melded)
Jewellery
 e - a ring of flight (left branch)
 l - an amulet of faith (around neck)
Wands
 p - a wand of confusion (31/48)
 D - a wand of polymorph (14/24)
Scrolls
 h - a scroll of enchant armour {unknown}
 i - a scroll of identify
 s - a scroll of recharging {unknown}
 t - 2 scrolls of enchant weapon
 v - a scroll of remove curse
 x - 2 scrolls of magic mapping {unknown}
 A - 2 scrolls of immolation {unknown}
 B - a scroll of noise {unknown}
 C - 2 scrolls of amnesia
 E - a scroll of acquirement {unknown}
 F - a scroll of random uselessness {unknown}
Potions
 b - a potion of lignification
 d - a potion of might
 k - 5 potions of curing
 n - 2 potions of haste
 u - a potion of agility
 w - 2 potions of cancellation {unknown}
 z - 2 potions of invisibility {unknown}
Comestibles
 f - 5 bread rations
 r - a royal jelly


   Skills:
 - Level 3.6 Fighting
 * Level 12.4 Maces & Flails
 - Level 3.6 Armour
 - Level 3.6 Shields


You had 7 spell levels left.
You didn't know any spells.

Dungeon Overview and Level Annotations

Branches:
Dungeon (6/15)
 Temple: D:4-7

Altars:
Qazlal
Trog

Annotations:
D:6 ThereIsNoGod's ghost, novice TrFi


Innate Abilities, Weirdness & Mutations

((You reflexively headbutt those who attack you in melee.))
((You have a pair of horns on your head.))


Message History

ThereIsNoGod's ghost is severely damaged.
You block ThereIsNoGod's ghost's attack.
You miss ThereIsNoGod's ghost.
ThereIsNoGod's ghost is severely damaged.
You block ThereIsNoGod's ghost's attack.
You closely miss ThereIsNoGod's ghost.
ThereIsNoGod's ghost is severely damaged.
ThereIsNoGod's ghost hits you but does no damage.
Okay, then.
You closely miss ThereIsNoGod's ghost.
ThereIsNoGod's ghost is severely damaged.
ThereIsNoGod's ghost hits you but does no damage.
You completely miss ThereIsNoGod's ghost.
ThereIsNoGod's ghost is severely damaged.
You block ThereIsNoGod's ghost's attack.
You hit ThereIsNoGod's ghost.
Your weapon exudes an aura of protection.
ThereIsNoGod's ghost is severely damaged.
ThereIsNoGod's ghost hits you!
You die...

....................#.....
........................#
........................#.
.....[........#...........
..............####........
......).......# #........
..............# #........
.#......##...#####........
.#.#...........%♣W....>)..
.#.#..####...#####.##.####
.............# #.# .#
.#.#..###..... .)# .#
.#.#..# #...... ..# ....
... ..... .... ..


You could see ThereIsNoGod's ghost.

Vanquished Creatures
  Grinder (D:6)
  The ghost of vatarom the Sneak, an amateur VSAs of Uskayaw (D:4)
  Edmund (D:6)
  3 phantoms
  An ogre (D:5)
  2 bullfrogs
  A centaur zombie (D:6)
  2 crimson imps
  A hound (D:4)
  A bullfrog skeleton (D:5)
  An orc priest (D:5)
  An iguana (D:6)
  2 orc wizards (D:5)
  4 worker ants
  2 hound zombies
  4 adders
  A worm (D:3)
  4 dart slugs (D:1)
  5 leopard geckos
  15 orcs
  A ball python (D:3)
  4 giant cockroaches
  6 goblins
  4 hobgoblins
  6 jackals
  6 kobolds
  5 quokkas
  A ball python skeleton (D:4)
  7 bats
  2 frilled lizards
  9 rats
104 creatures vanquished.

Notes
Turn   | Place    | Note
-------+----------+-------------------------------------------
     0 | D:1      | cochise the Minotaur Fighter began the quest for the Orb.
     0 | D:1      | Reached XP level 1. HP: 19/19 MP: 0/0
    13 | D:1      | Reached skill level 3 in Maces & Flails
    55 | D:1      | Reached XP level 2. HP: 25/26 MP: 1/1
   337 | D:1      | Reached skill level 4 in Maces & Flails
   343 | D:1      | Reached XP level 3. HP: 22/31 MP: 2/2
  1508 | D:2      | Reached skill level 5 in Maces & Flails
  1537 | D:3      | Found a stormy altar of Qazlal.
  1666 | D:3      | Reached XP level 4. HP: 35/39 MP: 3/3
  1684 | D:3      | Noticed a phantom
  1713 | D:3      | Killed a phantom
  1713 | D:3      | Reached skill level 6 in Maces & Flails
  1713 | D:3      | Reached XP level 5. HP: 32/45 MP: 4/4
  1982 | D:4      | Noticed a phantom
  2021 | D:4      | Killed a phantom
  2021 | D:4      | Reached skill level 7 in Maces & Flails
  2092 | D:4      | Reached XP level 6. HP: 36/51 MP: 5/5
  2123 | D:4      | Reached skill level 8 in Maces & Flails
  2264 | D:4      | Noticed vatarom's ghost (amateur VSAs)
  2284 | D:4      | Killed vatarom's ghost
  2284 | D:4      | Reached skill level 9 in Maces & Flails
  2284 | D:4      | Reached XP level 7. HP: 47/57 MP: 6/6
  2321 | D:4      | Found a bloodstained altar of Trog.
  2586 | D:5      | Entered Level 5 of the Dungeon
  2609 | D:5      | Reached skill level 10 in Maces & Flails
  3204 | D:5      | Reached skill level 11 in Maces & Flails
  3280 | D:5      | Reached XP level 8. HP: 61/64 MP: 7/7
  3541 | D:6      | Noticed Grinder
  3547 | D:6      | Paralysed by Grinder for 7 turns
  3557 | D:6      | Paralysed by Grinder for 7 turns
  3569 | D:6      | Killed Grinder
  3705 | D:6      | Noticed Edmund
  3707 | D:6      | Reached skill level 12 in Maces & Flails
  3717 | D:6      | Killed Edmund
  3764 | D:6      | Noticed ThereIsNoGod's ghost (novice TrFi)
  3800 | D:6      | Slain by ThereIsNoGod's ghost

Skill      XL: |  1  2  3  4  5  6  7  8 |
---------------+-------------------------+-----
Maces & Flails | 3 4 5 6 7 9 11 12 | 12.4
Fighting       | |  3.6
Armour         | |  3.6
Shields        | |  3.6

Action                   |  1- 3 |  4- 6 |  7- 9 || total
-------------------------+-------+-------+-------++-------
Melee: Flail             |   108 |   101 |   176 ||   385
       Headbutt          |    13 |    13 |    36 ||    62
  Use: Scroll            |       |       |     9 ||     9
       Potion            |       |       |     1 ||     1
  Eat: Chunk             |     2 |     3 |     5 ||    10
Armor: Scale mail        |    56 |    42 |     6 ||   104
       Chain mail        |       |       |    52 ||    52
       Skin              |       |       |     4 ||     4
Dodge: Dodged            |    41 |    14 |    10 ||    65
Block: Shield            |    64 |    24 |       ||    88
       Large shield      |       |    37 |    90 ||   127
